[ PARTIDA AOE2 · #478573756 ]
UnrankedPortugueses vs Tupi
Equipo del jugador · DERR
[ ANÁLISIS DE REPETICIÓN · EXTRAÍDO DE LA PARTIDA GRABADA ]
Feudal
12:24
Castillos
15:54
Imperial
30:17
| APM promedio | 35.2 |
| APM pico | 90 |
| eAPM promedio | 23.4 |
| Aldeanos / militares | 86 / 1195 |
Foco
⚔️ 48.5% · 🌾 51.5%
Spearman ×579 · Militia ×495 · Organ Gun ×82 · Petard ×27 · Bombard Cannon ×11 · Mangonel ×1
Feudal
9:21
Castillos
13:38
Imperial
27:57
| APM promedio | 43.2 |
| APM pico | 88 |
| eAPM promedio | 31.8 |
| Aldeanos / militares | 270 / 309 |
Foco
⚔️ 47.8% · 🌾 52.2%
Spearman ×180 · Skirmisher ×79 · Unknown (2550) ×74 · Battering Ram ×37 · Trade Cart ×30 · Unknown (2579) ×20
Feudal
11:03
Castillos
14:38
Imperial
29:43
| APM promedio | 42.1 |
| APM pico | 82 |
| eAPM promedio | 23.7 |
| Aldeanos / militares | 198 / 950 |
Foco
⚔️ 34.5% · 🌾 65.5%
Skirmisher ×334 · Scout Cavalry ×315 · Steppe Lancer ×297 · Unknown (1911) ×80 · Trade Cart ×16 · Scorpion ×4
Feudal
12:40
Castillos
16:35
Imperial
31:21
| APM promedio | 65.5 |
| APM pico | 121 |
| eAPM promedio | 44.8 |
| Aldeanos / militares | 202 / 1064 |
Foco
⚔️ 49.2% · 🌾 50.8%
Spearman ×863 · Shotel Warrior ×179 · Trebuchet (Packed) ×14 · Bombard Cannon ×8
Feudal
8:52
Castillos
19:29
Imperial
37:23
| APM promedio | 36.2 |
| APM pico | 87 |
| eAPM promedio | 20.7 |
| Aldeanos / militares | 205 / 790 |
Foco
⚔️ 44.6% · 🌾 55.4%
Spearman ×390 · Steppe Lancer ×163 · Kipchak ×128 · Scout Cavalry ×91 · Trebuchet (Packed) ×18
Feudal
11:03
Castillos
14:43
Imperial
32:12
| APM promedio | 39.1 |
| APM pico | 75 |
| eAPM promedio | 29.6 |
| Aldeanos / militares | 224 / 951 |
Foco
⚔️ 50.0% · 🌾 50.0%
Spearman ×387 · Knight ×340 · Teutonic Knight ×210 · Trade Cart ×34 · Battering Ram ×7 · Trebuchet (Packed) ×6
Feudal
10:56
Castillos
14:32
Imperial
29:43
| APM promedio | 41.8 |
| APM pico | 93 |
| eAPM promedio | 21.9 |
| Aldeanos / militares | 264 / 759 |
Foco
⚔️ 38.6% · 🌾 61.4%
Spearman ×300 · Skirmisher ×170 · Scout Cavalry ×169 · Hand Cannoneer ×57 · Battering Ram ×20 · Trade Cart ×15
Feudal
10:07
Castillos
15:08
Imperial
36:32
| APM promedio | 45.4 |
| APM pico | 83 |
| eAPM promedio | 28.3 |
| Aldeanos / militares | 172 / 422 |
Foco
⚔️ 42.1% · 🌾 57.9%
Spearman ×312 · Bombard Cannon ×72 · Trade Cart ×56 · Monk ×31 · Mangonel ×5 · Hussite Wagon ×2
Mapa de la partida
Recursos iniciales + cada clic de construcción. Líneas = muros · curvas = relieve. ◆ oro · ⬟ piedra · ● bayas · ✦ reliquia · ◌ hueco del cierre
Tu base· ✓ Cerrada en 15:54 · 0t muro · 2 puerta(s)
Base de B:R:Matias· ✓ Cerrada en 13:38 · 0t muro · 3 puerta(s)
Base de Bzm_Going· ✓ Cerrada en 14:38 · 0t muro · 2 puerta(s)
Base de so easy!· ✓ Cerrada en 16:35 · 0t muro · 2 puerta(s)
Base de Bzm_Thejose· ✓ Cerrada en 19:29 · 0t muro · 2 puerta(s)
Base de VELEZ Y VINO· ✓ Cerrada en 14:43 · 0t muro · 2 puerta(s)
Base de Bzm_Kuvâ-yı Milliye· ✓ Cerrada en 14:32 · 0t muro · 2 puerta(s)
Base de B.R D10Sito· ✓ Cerrada en 15:08 · 0t muro · 2 puerta(s)
Terreno inicial suavizado · ◌ = hueco del cierre detectado · pasá el cursor para detalles
Inputs por minuto
— Bzm_Cordobez - - B:R:Matias
Build order — Bzm_Cordobez
Primeras 150 de 845 acciones detectadas
| 0:00 | Crear | Villager (Male) |
| 0:01 | Crear | Villager (Male) |
| 0:02 | Construir | House |
| 0:03 | Construir | House |
| 0:18 | Crear | Villager (Male) |
| 0:18 | Crear | Villager (Male) |
| 0:18 | Crear | Villager (Male) |
| 1:35 | Crear | Villager (Male) |
| 1:35 | Crear | Villager (Male) |
| 1:36 | Crear | Villager (Male) |
| 1:54 | Construir | Lumber Camp |
| 2:02 | Crear | Villager (Male) |
| 2:02 | Crear | Villager (Male) |
| 2:02 | Crear | Villager (Male) |
| 2:19 | Crear | Villager (Male) |
| 2:53 | Crear | Villager (Male) |
| 2:53 | Crear | Villager (Male) |
| 3:17 | Crear | Villager (Male) |
| 3:17 | Crear | Villager (Male) |
| 3:57 | Construir | House |
| 4:17 | Crear | Villager (Male) |
| 4:17 | Crear | Villager (Male) |
| 4:17 | Crear | Villager (Male) |
| 4:17 | Crear | Villager (Male) |
| 4:18 | Crear | Villager (Male) |
| 4:32 | Construir | House |
| 4:33 | Construir | House |
| 4:38 | Construir | House |
| 4:42 | Crear | Villager (Male) |
| 4:42 | Crear | Villager (Male) |
| 4:43 | Crear | Villager (Male) |
| 4:43 | Crear | Villager (Male) |
| 5:19 | Construir | Mill |
| 6:04 | Crear | Villager (Male) |
| 6:04 | Crear | Villager (Male) |
| 6:04 | Crear | Villager (Male) |
| 6:04 | Crear | Villager (Male) |
| 6:04 | Crear | Villager (Male) |
| 6:35 | Crear | Villager (Male) |
| 6:36 | Crear | Villager (Male) |
| 6:41 | Construir | Farm |
| 6:42 | Construir | Farm |
| 7:12 | Construir | Mining Camp |
| 7:37 | Crear | Villager (Male) |
| 7:39 | Crear | Villager (Male) |
| 7:40 | Crear | Villager (Male) |
| 7:40 | Crear | Villager (Male) |
| 8:29 | Crear | Villager (Male) |
| 9:06 | Investigar | Feudal Age |
| 9:35 | Construir | Mining Camp |
| 10:44 | Crear | Villager (Male) |
| 10:45 | Crear | Villager (Male) |
| 11:51 | Construir | Lumber Camp |
| 12:24 | Edad | Edad Feudal |
| 12:26 | Construir | Market |
| 12:29 | Construir | Blacksmith |
| 13:11 | Investigar | Wheelbarrow |
| 13:14 | Investigar | Castle Age |
| 13:15 | Investigar | Castle Age |
| 13:17 | Investigar | Double-Bit Axe |
| 13:38 | Investigar | Horse Collar |
| 14:23 | Construir | House |
| 14:29 | Crear | Villager (Male) |
| 14:29 | Crear | Villager (Male) |
| 14:53 | Construir | Farm |
| 14:53 | Construir | Farm |
| 14:53 | Construir | Farm |
| 14:53 | Construir | Farm |
| 14:53 | Construir | Farm |
| 14:54 | Construir | Farm |
| 15:45 | Construir | Farm |
| 15:54 | Edad | Edad de los Castillos |
| 16:02 | Construir | Castle |
| 16:09 | Construir | Castle |
| 16:18 | Construir | Castle |
| 16:21 | Crear | Villager (Male) |
| 16:26 | Investigar | Bow Saw |
| 17:02 | Crear | Villager (Male) |
| 17:11 | Construir | Farm |
| 17:16 | Construir | Farm |
| 17:20 | Crear | Villager (Male) |
| 17:37 | Crear | Villager (Male) |
| 17:40 | Crear | Organ Gun |
| 17:42 | Crear | Organ Gun |
| 17:54 | Construir | Farm |
| 18:02 | Crear | Organ Gun |
| 18:02 | Crear | Organ Gun |
| 18:03 | Crear | Villager (Male) |
| 18:12 | Crear | Organ Gun |
| 18:25 | Crear | Petard |
| 18:26 | Crear | Petard |
| 18:41 | Crear | Villager (Male) |
| 18:44 | Construir | Farm |
| 18:45 | Construir | Farm |
| 18:51 | Construir | Farm |
| 18:57 | Crear | Organ Gun |
| 18:57 | Crear | Organ Gun |
| 19:05 | Crear | Villager (Male) |
| 19:12 | Investigar | Gold Mining |
| 19:21 | Construir | Farm |
| 19:30 | Crear | Organ Gun |
| 19:30 | Crear | Organ Gun |
| 19:32 | Crear | Villager (Male) |
| 19:37 | Crear | Petard |
| 19:37 | Crear | Petard |
| 19:38 | Crear | Petard |
| 19:57 | Crear | Petard |
| 19:57 | Crear | Petard |
| 19:58 | Crear | Petard |
| 20:03 | Construir | Farm |
| 20:06 | Crear | Villager (Male) |
| 20:10 | Crear | Organ Gun |
| 20:10 | Crear | Organ Gun |
| 20:20 | Crear | Petard |
| 20:27 | Crear | Villager (Male) |
| 20:51 | Construir | Mining Camp |
| 20:53 | Crear | Villager (Male) |
| 20:54 | Crear | Organ Gun |
| 21:01 | Crear | Petard |
| 21:01 | Crear | Petard |
| 21:02 | Crear | Petard |
| 21:02 | Crear | Petard |
| 21:19 | Crear | Petard |
| 21:19 | Crear | Petard |
| 21:34 | Crear | Petard |
| 21:34 | Crear | Petard |
| 21:34 | Crear | Petard |
| 21:34 | Crear | Petard |
| 22:07 | Crear | Petard |
| 22:07 | Crear | Petard |
| 22:39 | Crear | Petard |
| 22:40 | Crear | Petard |
| 22:50 | Crear | Villager (Male) |
| 23:16 | Crear | Organ Gun |
| 23:16 | Crear | Organ Gun |
| 23:16 | Crear | Villager (Male) |
| 23:33 | Crear | Villager (Male) |
| 23:36 | Crear | Petard |
| 23:36 | Crear | Petard |
| 24:17 | Crear | Organ Gun |
| 24:17 | Crear | Organ Gun |
| 24:18 | Crear | Petard |
| 24:19 | Crear | Petard |
| 24:20 | Crear | Villager (Male) |
| 24:20 | Crear | Villager (Male) |
| 25:17 | Investigar | Wheelbarrow |
| 25:27 | Crear | Villager (Male) |
| 25:31 | Crear | Villager (Male) |
| 25:33 | Construir | Lumber Camp |
| 26:53 | Crear | Villager (Male) |
Build order — B:R:Matias
Primeras 150 de 995 acciones detectadas
| 0:03 | Crear | Villager (Male) |
| 0:04 | Construir | House |
| 0:05 | Construir | House |
| 0:12 | Crear | Villager (Male) |
| 0:12 | Crear | Villager (Male) |
| 0:12 | Crear | Villager (Male) |
| 1:20 | Crear | Villager (Male) |
| 1:20 | Crear | Villager (Male) |
| 1:32 | Crear | Villager (Male) |
| 1:32 | Crear | Villager (Male) |
| 1:56 | Construir | Settlement |
| 2:07 | Crear | Villager (Male) |
| 2:07 | Crear | Villager (Male) |
| 2:32 | Crear | Villager (Male) |
| 2:32 | Crear | Villager (Male) |
| 3:05 | Crear | Villager (Male) |
| 3:05 | Crear | Villager (Male) |
| 3:35 | Crear | Villager (Male) |
| 3:36 | Crear | Villager (Male) |
| 3:36 | Crear | Villager (Male) |
| 4:13 | Crear | Villager (Male) |
| 4:13 | Crear | Villager (Male) |
| 4:22 | Crear | Villager (Male) |
| 4:22 | Crear | Villager (Male) |
| 4:29 | Crear | Villager (Male) |
| 4:29 | Crear | Villager (Male) |
| 4:41 | Crear | Villager (Male) |
| 4:42 | Crear | Villager (Male) |
| 4:50 | Construir | Settlement |
| 4:58 | Crear | Villager (Male) |
| 4:58 | Crear | Villager (Male) |
| 5:59 | Construir | Outpost |
| 6:48 | Construir | Outpost |
| 7:11 | Investigar | Feudal Age |
| 8:41 | Construir | Outpost |
| 8:54 | Crear | Villager (Male) |
| 8:54 | Crear | Villager (Male) |
| 9:21 | Edad | Edad Feudal |
| 9:24 | Construir | Blacksmith |
| 9:26 | Construir | Market |
| 10:19 | Investigar | Loom |
| 10:58 | Investigar | Castle Age |
| 10:58 | Investigar | Castle Age |
| 11:16 | Construir | Settlement |
| 11:52 | Construir | Outpost |
| 13:05 | Crear | Villager (Male) |
| 13:36 | Crear | Villager (Male) |
| 13:38 | Edad | Edad de los Castillos |
| 13:38 | Investigar | Double-Bit Axe |
| 13:43 | Crear | Villager (Male) |
| 14:30 | Construir | Castle |
| 14:33 | Construir | Settlement |
| 14:54 | Construir | Farm |
| 14:56 | Construir | Farm |
| 14:57 | Crear | Villager (Male) |
| 15:19 | Construir | Monastery |
| 15:29 | Construir | Farm |
| 15:36 | Crear | Unit 2579 |
| 15:36 | Crear | Unit 2579 |
| 15:49 | Crear | Villager (Male) |
| 16:14 | Construir | Farm |
| 16:16 | Crear | Villager (Male) |
| 16:28 | Crear | Unit 2579 |
| 16:29 | Crear | Unit 2579 |
| 16:44 | Crear | Villager (Male) |
| 16:44 | Crear | Villager (Male) |
| 16:51 | Crear | Monk |
| 16:51 | Crear | Monk |
| 17:01 | Crear | Unit 2579 |
| 17:01 | Crear | Unit 2579 |
| 17:13 | Crear | Unit 2579 |
| 17:13 | Crear | Unit 2579 |
| 17:13 | Crear | Unit 2579 |
| 17:21 | Crear | Villager (Male) |
| 17:21 | Crear | Villager (Male) |
| 17:27 | Construir | Farm |
| 17:28 | Construir | Farm |
| 17:42 | Crear | Petard |
| 17:59 | Construir | Farm |
| 18:00 | Construir | Farm |
| 18:00 | Construir | Farm |
| 18:20 | Crear | Petard |
| 18:25 | Crear | Unit 2579 |
| 18:49 | Crear | Unit 2579 |
| 18:55 | Crear | Villager (Male) |
| 18:55 | Crear | Villager (Male) |
| 18:57 | Construir | Farm |
| 19:12 | Construir | Farm |
| 19:42 | Crear | Unit 2579 |
| 19:49 | Crear | Unit 2579 |
| 19:55 | Crear | Villager (Male) |
| 19:55 | Crear | Villager (Male) |
| 19:55 | Crear | Villager (Male) |
| 19:58 | Construir | Farm |
| 19:58 | Crear | Villager (Male) |
| 20:23 | Crear | Unit 2579 |
| 20:23 | Crear | Unit 2579 |
| 20:28 | Investigar | Fletching |
| 20:30 | Crear | Unit 2579 |
| 20:30 | Crear | Unit 2579 |
| 20:45 | Crear | Unit 2579 |
| 20:53 | Crear | Unit 2579 |
| 20:54 | Crear | Villager (Male) |
| 20:56 | Construir | Farm |
| 21:06 | Crear | Petard |
| 21:26 | Crear | Petard |
| 21:39 | Crear | Villager (Male) |
| 21:42 | Construir | Farm |
| 21:44 | Construir | Farm |
| 21:44 | Crear | Villager (Male) |
| 22:02 | Crear | Villager (Male) |
| 22:04 | Construir | Farm |
| 22:06 | Crear | Villager (Male) |
| 22:37 | Crear | Villager (Male) |
| 22:40 | Crear | Villager (Male) |
| 22:40 | Crear | Villager (Male) |
| 22:43 | Construir | Farm |
| 22:44 | Construir | Farm |
| 22:46 | Construir | Farm |
| 22:47 | Crear | Villager (Male) |
| 23:00 | Construir | Settlement |
| 23:07 | Crear | Villager (Male) |
| 23:10 | Crear | Villager (Male) |
| 23:20 | Crear | Villager (Male) |
| 23:52 | Crear | Villager (Male) |
| 23:54 | Construir | Farm |
| 24:47 | Investigar | Imperial Age |
| 24:47 | Investigar | Imperial Age |
| 25:20 | Crear | Petard |
| 25:23 | Construir | House |
| 25:29 | Construir | House |
| 25:32 | Construir | Palisade Wall |
| 25:43 | Crear | Villager (Male) |
| 26:28 | Construir | Barracks |
| 26:31 | Construir | Barracks |
| 27:02 | Construir | Siege Workshop |
| 27:08 | Investigar | Scale Mail Armor |
| 27:08 | Investigar | Forging |
| 27:13 | Investigar | Gold Mining |
| 27:19 | Investigar | Bow Saw |
| 27:25 | Construir | Farm |
| 27:37 | Investigar | Tech 1402 |
| 27:38 | Investigar | Squires |
| 27:40 | Construir | Farm |
| 27:42 | Crear | Villager (Male) |
| 27:57 | Edad | Edad Imperial |
| 28:12 | Crear | Trebuchet (Packed) |
| 28:20 | Crear | Mangonel |
| 28:22 | Crear | Unit 2550 |
| 28:23 | Crear | Unit 2550 |
Build order — Bzm_Going
Primeras 150 de 759 acciones detectadas
| 0:01 | Crear | Villager (Male) |
| 0:01 | Crear | Villager (Male) |
| 0:01 | Crear | Villager (Male) |
| 0:02 | Crear | Villager (Male) |
| 0:02 | Construir | House |
| 0:04 | Construir | House |
| 1:27 | Crear | Villager (Male) |
| 1:59 | Crear | Villager (Male) |
| 1:59 | Crear | Villager (Male) |
| 2:05 | Construir | Lumber Camp |
| 2:13 | Crear | Villager (Male) |
| 2:33 | Crear | Villager (Male) |
| 2:51 | Crear | Villager (Male) |
| 3:25 | Construir | House |
| 3:26 | Construir | House |
| 3:33 | Crear | Villager (Male) |
| 3:34 | Crear | Villager (Male) |
| 3:34 | Crear | Villager (Male) |
| 3:59 | Crear | Villager (Male) |
| 4:00 | Crear | Villager (Male) |
| 4:23 | Construir | House |
| 4:32 | Crear | Villager (Male) |
| 4:33 | Crear | Villager (Male) |
| 4:55 | Crear | Villager (Male) |
| 4:55 | Crear | Villager (Male) |
| 5:08 | Crear | Villager (Male) |
| 5:08 | Crear | Villager (Male) |
| 5:32 | Construir | Mill |
| 6:11 | Crear | Villager (Male) |
| 6:11 | Crear | Villager (Male) |
| 6:14 | Construir | Lumber Camp |
| 6:21 | Crear | Villager (Male) |
| 6:21 | Crear | Villager (Male) |
| 6:22 | Crear | Villager (Male) |
| 7:00 | Crear | Villager (Male) |
| 7:01 | Crear | Villager (Male) |
| 7:31 | Crear | Villager (Male) |
| 7:37 | Construir | Farm |
| 7:52 | Crear | Villager (Male) |
| 8:01 | Construir | Mining Camp |
| 8:10 | Crear | Villager (Male) |
| 8:13 | Construir | Farm |
| 8:51 | Construir | Mining Camp |
| 8:53 | Investigar | Feudal Age |
| 10:52 | Crear | Villager (Male) |
| 10:52 | Crear | Villager (Male) |
| 11:03 | Edad | Edad Feudal |
| 11:06 | Construir | Market |
| 11:08 | Construir | Blacksmith |
| 11:58 | Investigar | Castle Age |
| 11:59 | Investigar | Castle Age |
| 12:31 | Investigar | Horse Collar |
| 12:31 | Investigar | Horse Collar |
| 12:38 | Investigar | Double-Bit Axe |
| 14:24 | Construir | Farm |
| 14:25 | Construir | Farm |
| 14:27 | Construir | Farm |
| 14:30 | Investigar | Horse Collar |
| 14:34 | Construir | Farm |
| 14:38 | Construir | Farm |
| 14:38 | Edad | Edad de los Castillos |
| 14:41 | Crear | Villager (Male) |
| 14:41 | Crear | Villager (Male) |
| 14:42 | Crear | Villager (Male) |
| 14:48 | Construir | Town Center |
| 15:02 | Construir | Town Center |
| 15:09 | Crear | Villager (Male) |
| 15:09 | Crear | Villager (Male) |
| 15:20 | Investigar | Bow Saw |
| 15:21 | Investigar | Bow Saw |
| 16:08 | Crear | Villager (Male) |
| 16:08 | Crear | Villager (Male) |
| 16:08 | Crear | Villager (Male) |
| 16:08 | Crear | Villager (Male) |
| 16:17 | Crear | Villager (Male) |
| 16:17 | Crear | Villager (Male) |
| 16:37 | Construir | Farm |
| 16:37 | Construir | Farm |
| 16:37 | Construir | Farm |
| 16:37 | Construir | Farm |
| 16:37 | Construir | Farm |
| 16:38 | Construir | Farm |
| 16:40 | Crear | Villager (Male) |
| 16:40 | Crear | Villager (Male) |
| 16:44 | Crear | Villager (Male) |
| 16:44 | Crear | Villager (Male) |
| 16:44 | Crear | Villager (Male) |
| 16:51 | Construir | Farm |
| 16:52 | Construir | Farm |
| 16:54 | Construir | Farm |
| 16:55 | Crear | Villager (Male) |
| 16:55 | Crear | Villager (Male) |
| 17:20 | Construir | Farm |
| 17:21 | Crear | Villager (Male) |
| 17:21 | Crear | Villager (Male) |
| 17:36 | Crear | Villager (Male) |
| 17:36 | Crear | Villager (Male) |
| 17:39 | Construir | Town Center |
| 17:43 | Construir | House |
| 17:44 | Construir | House |
| 17:50 | Construir | House |
| 17:51 | Construir | House |
| 17:53 | Construir | House |
| 17:54 | Construir | House |
| 17:56 | Crear | Villager (Male) |
| 17:56 | Crear | Villager (Male) |
| 17:56 | Crear | Villager (Male) |
| 18:07 | Crear | Villager (Male) |
| 18:08 | Crear | Villager (Male) |
| 18:12 | Crear | Villager (Male) |
| 18:13 | Crear | Villager (Male) |
| 18:20 | Crear | Villager (Male) |
| 18:20 | Crear | Villager (Male) |
| 18:25 | Construir | Siege Workshop |
| 18:30 | Crear | Villager (Male) |
| 18:30 | Crear | Villager (Male) |
| 18:45 | Crear | Villager (Male) |
| 19:00 | Investigar | Loom |
| 19:00 | Investigar | Loom |
| 19:01 | Crear | Villager (Male) |
| 19:01 | Crear | Villager (Male) |
| 19:01 | Crear | Villager (Male) |
| 19:23 | Crear | Scorpion |
| 19:23 | Crear | Scorpion |
| 19:25 | Crear | Villager (Male) |
| 19:25 | Crear | Villager (Male) |
| 19:39 | Construir | Mill |
| 19:40 | Construir | Farm |
| 19:40 | Construir | Farm |
| 19:40 | Construir | Farm |
| 19:41 | Construir | Farm |
| 19:41 | Construir | Farm |
| 19:41 | Construir | Farm |
| 19:41 | Construir | Farm |
| 19:42 | Construir | Farm |
| 19:50 | Construir | Farm |
| 19:51 | Crear | Villager (Male) |
| 19:51 | Crear | Villager (Male) |
| 19:51 | Crear | Villager (Male) |
| 19:53 | Construir | Farm |
| 19:54 | Construir | Farm |
| 19:54 | Construir | Farm |
| 19:54 | Construir | Farm |
| 20:06 | Crear | Villager (Male) |
| 20:07 | Crear | Villager (Male) |
| 20:07 | Crear | Villager (Male) |
| 20:07 | Crear | Villager (Male) |
| 20:10 | Crear | Scorpion |
| 20:10 | Crear | Scorpion |
| 20:20 | Crear | Villager (Male) |
Build order — so easy!
Primeras 150 de 1546 acciones detectadas
| 0:02 | Crear | Villager (Male) |
| 0:02 | Crear | Villager (Male) |
| 0:02 | Crear | Villager (Male) |
| 0:03 | Construir | House |
| 0:05 | Construir | House |
| 0:17 | Crear | Villager (Male) |
| 0:17 | Crear | Villager (Male) |
| 0:17 | Crear | Villager (Male) |
| 1:26 | Crear | Villager (Male) |
| 1:26 | Crear | Villager (Male) |
| 1:26 | Crear | Villager (Male) |
| 1:58 | Construir | Lumber Camp |
| 2:06 | Crear | Villager (Male) |
| 2:06 | Crear | Villager (Male) |
| 2:06 | Crear | Villager (Male) |
| 2:32 | Crear | Villager (Male) |
| 2:32 | Crear | Villager (Male) |
| 2:32 | Crear | Villager (Male) |
| 2:38 | Crear | Villager (Male) |
| 2:39 | Crear | Villager (Male) |
| 3:18 | Crear | Villager (Male) |
| 3:18 | Crear | Villager (Male) |
| 3:18 | Crear | Villager (Male) |
| 3:42 | Construir | House |
| 3:45 | Construir | House |
| 3:51 | Crear | Villager (Male) |
| 3:52 | Crear | Villager (Male) |
| 4:06 | Crear | Villager (Male) |
| 4:06 | Crear | Villager (Male) |
| 4:07 | Crear | Villager (Male) |
| 4:22 | Construir | Mill |
| 4:41 | Construir | House |
| 4:47 | Crear | Villager (Male) |
| 4:47 | Crear | Villager (Male) |
| 4:47 | Crear | Villager (Male) |
| 4:50 | Crear | Villager (Male) |
| 4:50 | Crear | Villager (Male) |
| 5:24 | Crear | Villager (Male) |
| 5:25 | Crear | Villager (Male) |
| 5:25 | Crear | Villager (Male) |
| 5:33 | Crear | Villager (Male) |
| 5:33 | Crear | Villager (Male) |
| 5:34 | Crear | Villager (Male) |
| 5:48 | Crear | Villager (Male) |
| 5:49 | Crear | Villager (Male) |
| 6:18 | Crear | Villager (Male) |
| 6:18 | Crear | Villager (Male) |
| 6:18 | Crear | Villager (Male) |
| 6:22 | Crear | Villager (Male) |
| 6:23 | Crear | Villager (Male) |
| 6:23 | Crear | Villager (Male) |
| 6:37 | Construir | Farm |
| 6:41 | Construir | Farm |
| 6:48 | Crear | Villager (Male) |
| 6:48 | Crear | Villager (Male) |
| 6:49 | Crear | Villager (Male) |
| 7:01 | Crear | Villager (Male) |
| 7:01 | Crear | Villager (Male) |
| 7:28 | Crear | Villager (Male) |
| 7:28 | Crear | Villager (Male) |
| 7:28 | Crear | Villager (Male) |
| 7:53 | Crear | Villager (Male) |
| 7:53 | Crear | Villager (Male) |
| 8:02 | Crear | Villager (Male) |
| 8:02 | Crear | Villager (Male) |
| 8:03 | Crear | Villager (Male) |
| 8:03 | Crear | Villager (Male) |
| 8:24 | Crear | Villager (Male) |
| 8:24 | Crear | Villager (Male) |
| 8:24 | Crear | Villager (Male) |
| 8:25 | Crear | Villager (Male) |
| 9:01 | Construir | Farm |
| 9:33 | Construir | Mining Camp |
| 10:05 | Crear | Villager (Male) |
| 10:07 | Investigar | Feudal Age |
| 10:37 | Construir | Mining Camp |
| 11:33 | Crear | Villager (Male) |
| 11:33 | Crear | Villager (Male) |
| 11:48 | Construir | Farm |
| 11:52 | Construir | Farm |
| 12:40 | Edad | Edad Feudal |
| 12:46 | Construir | Market |
| 12:56 | Construir | Blacksmith |
| 13:06 | Investigar | Double-Bit Axe |
| 13:06 | Investigar | Horse Collar |
| 13:25 | Investigar | Loom |
| 13:50 | Investigar | Castle Age |
| 14:04 | Construir | House |
| 14:07 | Construir | House |
| 14:55 | Construir | Farm |
| 15:11 | Construir | Farm |
| 15:48 | Construir | House |
| 15:53 | Crear | Villager (Male) |
| 15:53 | Crear | Villager (Male) |
| 16:13 | Construir | House |
| 16:14 | Construir | House |
| 16:31 | Construir | Farm |
| 16:35 | Edad | Edad de los Castillos |
| 16:56 | Construir | Town Center |
| 17:06 | Construir | Town Center |
| 17:10 | Construir | Farm |
| 17:12 | Crear | Villager (Male) |
| 17:27 | Construir | Town Center |
| 17:49 | Investigar | Bow Saw |
| 17:58 | Construir | House |
| 18:04 | Construir | Farm |
| 18:08 | Crear | Villager (Male) |
| 18:12 | Crear | Villager (Male) |
| 18:25 | Crear | Villager (Male) |
| 18:41 | Construir | House |
| 18:44 | Crear | Villager (Male) |
| 18:44 | Crear | Villager (Male) |
| 18:46 | Construir | Farm |
| 19:04 | Crear | Villager (Male) |
| 19:05 | Crear | Villager (Male) |
| 19:08 | Crear | Villager (Male) |
| 19:15 | Construir | House |
| 19:20 | Construir | Farm |
| 19:29 | Crear | Villager (Male) |
| 19:31 | Crear | Villager (Male) |
| 19:47 | Crear | Villager (Male) |
| 19:53 | Crear | Villager (Male) |
| 19:53 | Crear | Villager (Male) |
| 19:54 | Crear | Villager (Male) |
| 19:57 | Construir | Farm |
| 20:01 | Crear | Villager (Male) |
| 20:09 | Crear | Villager (Male) |
| 20:10 | Crear | Villager (Male) |
| 20:18 | Construir | House |
| 20:19 | Construir | House |
| 20:20 | Construir | House |
| 20:27 | Crear | Villager (Male) |
| 20:28 | Crear | Villager (Male) |
| 20:31 | Construir | Farm |
| 20:33 | Crear | Villager (Male) |
| 20:33 | Crear | Villager (Male) |
| 20:36 | Construir | Farm |
| 20:45 | Investigar | Wheelbarrow |
| 20:48 | Crear | Villager (Male) |
| 20:48 | Crear | Villager (Male) |
| 20:51 | Construir | Farm |
| 20:56 | Construir | Farm |
| 20:58 | Crear | Villager (Male) |
| 21:00 | Construir | Farm |
| 21:05 | Construir | Farm |
| 21:13 | Construir | Farm |
| 21:16 | Construir | Farm |
| 21:19 | Crear | Villager (Male) |
| 21:19 | Crear | Villager (Male) |
| 21:26 | Construir | Farm |
Build order — Bzm_Thejose
Primeras 150 de 761 acciones detectadas
| 0:01 | Crear | Villager (Male) |
| 0:01 | Crear | Villager (Male) |
| 0:04 | Construir | House |
| 0:06 | Construir | House |
| 0:14 | Crear | Villager (Male) |
| 0:15 | Crear | Villager (Male) |
| 1:23 | Crear | Villager (Male) |
| 1:24 | Crear | Villager (Male) |
| 1:46 | Construir | Lumber Camp |
| 2:06 | Crear | Villager (Male) |
| 2:07 | Crear | Villager (Male) |
| 2:26 | Crear | Villager (Male) |
| 2:27 | Crear | Villager (Male) |
| 2:38 | Construir | House |
| 2:49 | Crear | Villager (Male) |
| 3:18 | Crear | Villager (Male) |
| 3:19 | Crear | Villager (Male) |
| 3:20 | Crear | Villager (Male) |
| 3:55 | Crear | Villager (Male) |
| 4:04 | Crear | Villager (Male) |
| 4:04 | Crear | Villager (Male) |
| 4:23 | Crear | Villager (Male) |
| 4:41 | Construir | Mill |
| 4:48 | Crear | Villager (Male) |
| 4:48 | Crear | Villager (Male) |
| 4:48 | Crear | Villager (Male) |
| 5:24 | Crear | Villager (Male) |
| 5:57 | Crear | Villager (Male) |
| 6:35 | Investigar | Feudal Age |
| 7:46 | Construir | House |
| 8:52 | Edad | Edad Feudal |
| 8:57 | Construir | Town Center |
| 8:58 | Crear | Villager (Male) |
| 9:05 | Crear | Villager (Male) |
| 9:13 | Crear | Villager (Male) |
| 9:16 | Investigar | Double-Bit Axe |
| 9:16 | Investigar | Horse Collar |
| 9:16 | Investigar | Horse Collar |
| 9:16 | Investigar | Horse Collar |
| 9:29 | Crear | Villager (Male) |
| 9:39 | Construir | Farm |
| 10:02 | Construir | Farm |
| 10:08 | Crear | Villager (Male) |
| 10:14 | Construir | House |
| 10:15 | Construir | House |
| 10:32 | Crear | Villager (Male) |
| 10:32 | Crear | Villager (Male) |
| 10:33 | Crear | Villager (Male) |
| 10:33 | Crear | Villager (Male) |
| 10:33 | Crear | Villager (Male) |
| 10:42 | Construir | Farm |
| 10:44 | Construir | Farm |
| 10:46 | Crear | Villager (Male) |
| 10:46 | Crear | Villager (Male) |
| 10:50 | Construir | House |
| 11:00 | Construir | Farm |
| 11:12 | Crear | Villager (Male) |
| 11:28 | Construir | House |
| 11:30 | Crear | Villager (Male) |
| 11:34 | Construir | Farm |
| 11:35 | Construir | Farm |
| 11:38 | Construir | Farm |
| 11:49 | Construir | Farm |
| 11:53 | Crear | Villager (Male) |
| 11:55 | Construir | House |
| 12:01 | Construir | Farm |
| 12:03 | Crear | Villager (Male) |
| 12:03 | Crear | Villager (Male) |
| 12:06 | Construir | Farm |
| 12:14 | Construir | House |
| 12:32 | Construir | Farm |
| 12:33 | Construir | Farm |
| 12:37 | Crear | Villager (Male) |
| 12:38 | Crear | Villager (Male) |
| 12:38 | Crear | Villager (Male) |
| 12:44 | Construir | Farm |
| 12:48 | Construir | House |
| 12:55 | Crear | Villager (Male) |
| 12:57 | Crear | Villager (Male) |
| 13:14 | Construir | Farm |
| 13:19 | Construir | Farm |
| 13:23 | Crear | Villager (Male) |
| 13:23 | Crear | Villager (Male) |
| 13:26 | Construir | House |
| 13:53 | Crear | Villager (Male) |
| 13:53 | Crear | Villager (Male) |
| 13:55 | Construir | Barracks |
| 14:03 | Construir | Blacksmith |
| 14:07 | Crear | Villager (Male) |
| 14:07 | Crear | Villager (Male) |
| 14:14 | Construir | Farm |
| 14:18 | Crear | Villager (Male) |
| 14:26 | Crear | Villager (Male) |
| 14:37 | Crear | Villager (Male) |
| 14:39 | Construir | Farm |
| 14:50 | Construir | Stable |
| 14:55 | Crear | Villager (Male) |
| 15:05 | Construir | Mining Camp |
| 15:10 | Construir | Farm |
| 15:17 | Crear | Villager (Male) |
| 15:19 | Crear | Villager (Male) |
| 15:27 | Construir | Farm |
| 15:34 | Crear | Villager (Male) |
| 15:38 | Construir | Farm |
| 16:19 | Construir | Stable |
| 16:22 | Construir | Stable |
| 16:30 | Crear | Villager (Male) |
| 16:38 | Construir | Farm |
| 16:41 | Construir | Farm |
| 16:49 | Investigar | Castle Age |
| 17:17 | Crear | Scout Cavalry |
| 17:17 | Crear | Scout Cavalry |
| 17:25 | Investigar | Forging |
| 17:31 | Construir | Farm |
| 17:32 | Construir | Farm |
| 17:32 | Construir | Farm |
| 17:32 | Construir | Farm |
| 17:32 | Construir | Farm |
| 17:41 | Construir | Farm |
| 17:43 | Construir | Farm |
| 17:43 | Construir | Farm |
| 17:43 | Construir | Farm |
| 17:43 | Construir | Farm |
| 17:50 | Crear | Villager (Male) |
| 17:53 | Investigar | Wheelbarrow |
| 17:56 | Construir | House |
| 17:57 | Construir | House |
| 17:58 | Construir | House |
| 18:08 | Investigar | Bloodlines |
| 18:08 | Investigar | Bloodlines |
| 18:20 | Crear | Scout Cavalry |
| 18:20 | Crear | Scout Cavalry |
| 18:29 | Construir | Farm |
| 18:31 | Construir | Farm |
| 18:32 | Construir | Farm |
| 18:36 | Crear | Scout Cavalry |
| 18:36 | Crear | Scout Cavalry |
| 18:46 | Construir | House |
| 18:48 | Construir | House |
| 18:51 | Crear | Scout Cavalry |
| 18:51 | Crear | Scout Cavalry |
| 19:09 | Investigar | Scale Barding Armor |
| 19:18 | Construir | Farm |
| 19:19 | Construir | Farm |
| 19:29 | Edad | Edad de los Castillos |
| 19:32 | Crear | Villager (Male) |
| 19:32 | Crear | Villager (Male) |
| 19:37 | Investigar | Light Cavalry (upgrade) |
| 19:37 | Investigar | Light Cavalry (upgrade) |
| 19:44 | Crear | Scout Cavalry |
Build order — VELEZ Y VINO
Primeras 150 de 797 acciones detectadas
| 0:01 | Crear | Villager (Male) ×4 |
| 0:01 | Crear | Villager (Male) ×4 |
| 0:02 | Construir | House |
| 0:04 | Construir | House |
| 1:31 | Construir | Lumber Camp |
| 1:31 | Crear | Villager (Male) |
| 1:31 | Crear | Villager (Male) |
| 1:56 | Crear | Villager (Male) |
| 1:56 | Crear | Villager (Male) |
| 1:56 | Crear | Villager (Male) |
| 2:16 | Crear | Villager (Male) |
| 2:16 | Crear | Villager (Male) |
| 2:26 | Crear | Villager (Male) |
| 2:26 | Crear | Villager (Male) |
| 3:10 | Crear | Villager (Male) |
| 3:10 | Crear | Villager (Male) |
| 3:39 | Crear | Villager (Male) |
| 3:39 | Crear | Villager (Male) |
| 3:53 | Construir | House |
| 4:11 | Crear | Villager (Male) |
| 4:12 | Crear | Villager (Male) |
| 4:12 | Crear | Villager (Male) |
| 4:33 | Crear | Villager (Male) |
| 4:33 | Investigar | Loom |
| 5:08 | Construir | Mill |
| 5:23 | Crear | Villager (Male) |
| 5:23 | Crear | Villager (Male) |
| 5:40 | Construir | House |
| 6:10 | Crear | Villager (Male) |
| 6:10 | Crear | Villager (Male) |
| 6:15 | Construir | House |
| 6:26 | Crear | Villager (Male) |
| 6:58 | Crear | Villager (Male) |
| 7:26 | Crear | Villager (Male) |
| 7:53 | Construir | Farm |
| 7:55 | Construir | Farm |
| 8:00 | Construir | Mining Camp |
| 8:18 | Construir | Farm |
| 8:26 | Construir | Farm |
| 8:28 | Crear | Villager (Male) |
| 8:52 | Investigar | Feudal Age |
| 8:52 | Investigar | Feudal Age |
| 9:49 | Crear | Villager (Male) |
| 9:50 | Crear | Villager (Male) |
| 11:03 | Edad | Edad Feudal |
| 11:06 | Construir | Blacksmith |
| 11:11 | Construir | Market |
| 12:03 | Investigar | Castle Age |
| 12:03 | Investigar | Castle Age |
| 12:23 | Construir | Lumber Camp |
| 12:31 | Construir | House |
| 12:32 | Construir | House |
| 12:51 | Investigar | Double-Bit Axe |
| 12:56 | Construir | Farm |
| 13:00 | Investigar | Horse Collar |
| 13:43 | Construir | Farm |
| 13:45 | Construir | Farm |
| 14:02 | Crear | Villager (Male) |
| 14:02 | Crear | Villager (Male) |
| 14:21 | Crear | Villager (Male) |
| 14:43 | Edad | Edad de los Castillos |
| 14:49 | Construir | Town Center |
| 14:54 | Crear | Villager (Male) |
| 15:05 | Construir | Town Center |
| 15:10 | Crear | Villager (Male) |
| 15:28 | Crear | Villager (Male) |
| 16:18 | Crear | Villager (Male) |
| 16:19 | Crear | Villager (Male) |
| 16:19 | Crear | Villager (Male) |
| 16:25 | Crear | Villager (Male) |
| 16:25 | Crear | Villager (Male) |
| 16:25 | Crear | Villager (Male) |
| 16:30 | Construir | Farm |
| 16:30 | Construir | Farm |
| 16:32 | Construir | Farm |
| 16:35 | Construir | Farm |
| 16:48 | Crear | Villager (Male) |
| 16:49 | Crear | Villager (Male) |
| 17:05 | Construir | Farm |
| 17:08 | Crear | Villager (Male) |
| 17:11 | Construir | Farm |
| 17:16 | Investigar | Heavy Plow |
| 17:18 | Construir | Farm |
| 17:21 | Crear | Villager (Male) |
| 17:21 | Crear | Villager (Male) |
| 17:28 | Construir | Farm |
| 17:38 | Crear | Villager (Male) |
| 17:41 | Construir | Farm |
| 17:41 | Construir | Farm |
| 17:41 | Construir | Farm |
| 17:42 | Construir | Farm |
| 17:42 | Construir | Farm |
| 17:42 | Construir | Farm |
| 17:47 | Construir | Farm |
| 17:52 | Construir | Farm |
| 17:53 | Crear | Villager (Male) |
| 17:54 | Crear | Villager (Male) |
| 17:54 | Crear | Villager (Male) |
| 18:01 | Construir | Farm |
| 18:06 | Construir | House |
| 18:07 | Construir | House |
| 18:21 | Crear | Villager (Male) |
| 18:21 | Crear | Villager (Male) |
| 18:24 | Crear | Villager (Male) |
| 18:35 | Construir | House |
| 18:59 | Crear | Villager (Male) |
| 18:59 | Crear | Villager (Male) |
| 19:02 | Crear | Villager (Male) |
| 19:02 | Crear | Villager (Male) |
| 19:08 | Construir | Town Center |
| 19:13 | Construir | Farm |
| 19:14 | Construir | Farm |
| 19:17 | Crear | Villager (Male) |
| 19:24 | Investigar | Bow Saw |
| 19:24 | Investigar | Bow Saw |
| 19:27 | Construir | House |
| 19:29 | Construir | House |
| 19:40 | Crear | Villager (Male) |
| 19:40 | Crear | Villager (Male) |
| 19:40 | Crear | Villager (Male) |
| 19:52 | Construir | Barracks |
| 19:55 | Crear | Villager (Male) |
| 19:55 | Crear | Villager (Male) |
| 19:56 | Crear | Villager (Male) |
| 19:59 | Crear | Villager (Male) |
| 19:59 | Crear | Villager (Male) |
| 20:02 | Construir | Farm |
| 20:04 | Construir | Farm |
| 20:07 | Crear | Villager (Male) |
| 20:19 | Construir | Mill |
| 20:19 | Construir | Farm |
| 20:20 | Construir | Farm |
| 20:20 | Construir | Farm |
| 20:20 | Construir | Farm |
| 20:20 | Construir | Farm |
| 20:21 | Construir | Farm |
| 20:29 | Crear | Villager (Male) |
| 20:30 | Crear | Villager (Male) |
| 20:39 | Crear | Villager (Male) |
| 20:39 | Crear | Villager (Male) |
| 20:39 | Crear | Villager (Male) |
| 20:41 | Construir | Farm |
| 20:41 | Construir | Farm |
| 20:41 | Construir | Farm |
| 20:41 | Construir | Farm |
| 20:42 | Construir | Farm |
| 20:54 | Crear | Villager (Male) |
| 20:54 | Crear | Villager (Male) |
| 20:54 | Crear | Villager (Male) |
| 20:56 | Construir | House |
Build order — Bzm_Kuvâ-yı Milliye
Primeras 150 de 814 acciones detectadas
| 0:01 | Crear | Villager (Male) |
| 0:01 | Crear | Villager (Male) |
| 0:01 | Crear | Villager (Male) |
| 0:02 | Crear | Villager (Male) |
| 0:02 | Crear | Villager (Male) |
| 0:03 | Crear | Villager (Male) |
| 0:03 | Construir | House |
| 0:05 | Construir | House |
| 1:35 | Crear | Villager (Male) |
| 1:35 | Crear | Villager (Male) |
| 1:36 | Crear | Villager (Male) |
| 2:35 | Construir | Lumber Camp |
| 2:52 | Crear | Villager (Male) |
| 2:53 | Crear | Villager (Male) |
| 3:03 | Crear | Villager (Male) |
| 3:03 | Crear | Villager (Male) |
| 3:08 | Crear | Villager (Male) |
| 3:17 | Crear | Villager (Male) |
| 3:17 | Crear | Villager (Male) |
| 3:24 | Crear | Villager (Male) |
| 3:25 | Crear | Villager (Male) |
| 3:50 | Construir | House |
| 3:55 | Construir | House |
| 4:08 | Construir | House |
| 4:18 | Crear | Villager (Male) |
| 4:33 | Crear | Villager (Male) |
| 4:43 | Crear | Villager (Male) |
| 4:44 | Crear | Villager (Male) |
| 4:44 | Crear | Villager (Male) |
| 4:49 | Crear | Villager (Male) |
| 4:49 | Crear | Villager (Male) |
| 4:49 | Crear | Villager (Male) |
| 5:35 | Construir | Mill |
| 5:35 | Crear | Villager (Male) ×2 |
| 5:36 | Crear | Villager (Male) ×2 |
| 5:57 | Crear | Villager (Male) |
| 5:58 | Crear | Villager (Male) |
| 6:26 | Construir | Farm |
| 7:22 | Construir | Farm |
| 8:01 | Construir | Farm |
| 8:31 | Investigar | Feudal Age |
| 8:37 | Construir | Mining Camp |
| 9:06 | Construir | House |
| 9:16 | Crear | Villager (Male) |
| 9:16 | Crear | Villager (Male) |
| 10:09 | Construir | Farm |
| 10:56 | Edad | Edad Feudal |
| 10:59 | Construir | Market |
| 11:01 | Construir | Blacksmith |
| 11:05 | Investigar | Double-Bit Axe |
| 11:52 | Investigar | Castle Age |
| 11:52 | Investigar | Castle Age |
| 11:54 | Investigar | Horse Collar |
| 12:09 | Construir | Farm |
| 12:11 | Construir | Farm |
| 13:09 | Construir | House |
| 13:09 | Construir | House |
| 13:26 | Crear | Villager (Male) |
| 13:26 | Crear | Villager (Male) |
| 13:38 | Construir | Farm |
| 13:39 | Construir | Farm |
| 14:32 | Edad | Edad de los Castillos |
| 14:34 | Construir | Town Center |
| 14:37 | Investigar | Bow Saw |
| 14:37 | Investigar | Heavy Plow |
| 14:41 | Investigar | Heavy Plow |
| 14:45 | Crear | Villager (Male) |
| 15:00 | Crear | Villager (Male) |
| 15:30 | Construir | Siege Workshop |
| 15:33 | Construir | House |
| 15:35 | Construir | House |
| 15:48 | Crear | Villager (Male) |
| 15:49 | Crear | Villager (Male) |
| 15:50 | Crear | Villager (Male) |
| 15:50 | Crear | Villager (Male) |
| 16:04 | Investigar | Gold Mining |
| 16:13 | Crear | Scorpion |
| 16:13 | Crear | Scorpion |
| 16:24 | Crear | Villager (Male) |
| 16:24 | Crear | Villager (Male) |
| 16:35 | Construir | House |
| 16:35 | Construir | House |
| 16:56 | Construir | University |
| 17:00 | Investigar | Loom |
| 17:02 | Crear | Villager (Male) |
| 17:02 | Crear | Villager (Male) |
| 17:02 | Crear | Villager (Male) |
| 17:02 | Crear | Villager (Male) |
| 17:17 | Construir | Farm |
| 17:21 | Construir | Farm |
| 17:22 | Construir | Farm |
| 17:23 | Crear | Villager (Male) |
| 17:23 | Crear | Villager (Male) |
| 17:28 | Construir | House |
| 17:31 | Construir | House |
| 17:32 | Construir | House |
| 17:39 | Crear | Villager (Male) |
| 17:39 | Crear | Villager (Male) |
| 17:39 | Crear | Villager (Male) |
| 17:54 | Construir | Farm |
| 17:55 | Construir | Farm |
| 17:58 | Construir | Farm |
| 18:03 | Crear | Villager (Male) |
| 18:03 | Crear | Villager (Male) |
| 18:03 | Crear | Villager (Male) |
| 18:13 | Crear | Scorpion |
| 18:14 | Crear | Villager (Male) |
| 18:34 | Crear | Villager (Male) |
| 18:34 | Crear | Villager (Male) |
| 18:49 | Crear | Scorpion ×2 |
| 18:54 | Crear | Villager (Male) |
| 18:55 | Crear | Villager (Male) |
| 18:55 | Crear | Villager (Male) |
| 18:56 | Construir | Farm |
| 19:10 | Crear | Villager (Male) |
| 19:10 | Crear | Villager (Male) |
| 19:11 | Crear | Villager (Male) |
| 19:13 | Construir | Farm |
| 19:13 | Construir | Farm |
| 19:21 | Crear | Scorpion |
| 19:37 | Crear | Villager (Male) |
| 19:43 | Construir | Farm |
| 19:43 | Construir | House |
| 19:44 | Crear | Villager (Male) |
| 19:44 | Crear | Villager (Male) |
| 19:44 | Crear | Villager (Male) |
| 19:44 | Crear | Villager (Male) |
| 20:04 | Construir | Lumber Camp |
| 20:11 | Investigar | Town Watch |
| 20:21 | Crear | Villager (Male) |
| 20:21 | Crear | Villager (Male) |
| 20:41 | Construir | Town Center |
| 20:41 | Crear | Villager (Male) |
| 20:44 | Construir | Lumber Camp |
| 20:45 | Crear | Villager (Male) |
| 20:45 | Crear | Villager (Male) |
| 20:46 | Crear | Villager (Male) |
| 20:48 | Crear | Villager (Male) |
| 20:49 | Crear | Villager (Male) |
| 20:49 | Crear | Villager (Male) |
| 21:21 | Crear | Battering Ram |
| 21:35 | Investigar | Wheelbarrow |
| 21:37 | Crear | Villager (Male) |
| 21:37 | Crear | Villager (Male) |
| 21:40 | Crear | Battering Ram |
| 21:41 | Crear | Villager (Male) |
| 21:42 | Crear | Villager (Male) |
| 21:47 | Crear | Villager (Male) |
| 21:48 | Crear | Villager (Male) |
| 21:48 | Crear | Villager (Male) |
Build order — B.R D10Sito
Primeras 150 de 859 acciones detectadas
| 0:01 | Crear | Villager (Male) |
| 0:01 | Crear | Villager (Male) |
| 0:01 | Crear | Villager (Male) |
| 0:02 | Construir | House |
| 0:04 | Construir | House |
| 0:12 | Crear | Villager (Male) |
| 0:13 | Crear | Villager (Male) |
| 1:11 | Crear | Villager (Male) |
| 1:40 | Crear | Villager (Male) |
| 1:40 | Crear | Villager (Male) |
| 2:09 | Crear | Villager (Male) |
| 2:19 | Construir | Lumber Camp |
| 2:25 | Crear | Villager (Male) |
| 2:26 | Crear | Villager (Male) |
| 3:13 | Crear | Villager (Male) |
| 3:25 | Crear | Villager (Male) |
| 3:25 | Crear | Villager (Male) |
| 3:27 | Construir | House |
| 3:54 | Crear | Villager (Male) |
| 3:55 | Crear | Villager (Male) |
| 3:57 | Crear | Villager (Male) |
| 3:58 | Crear | Villager (Male) |
| 4:29 | Crear | Villager (Male) |
| 4:52 | Construir | House |
| 5:23 | Crear | Villager (Male) |
| 5:24 | Crear | Villager (Male) |
| 5:42 | Crear | Villager (Male) |
| 6:15 | Construir | Mill |
| 6:17 | Crear | Villager (Male) |
| 6:18 | Crear | Villager (Male) |
| 6:18 | Crear | Villager (Male) |
| 6:38 | Crear | Villager (Male) |
| 7:12 | Crear | Villager (Male) |
| 7:57 | Investigar | Feudal Age |
| 7:57 | Investigar | Feudal Age |
| 8:05 | Construir | Mining Camp |
| 8:24 | Construir | House |
| 8:53 | Construir | Farm |
| 8:54 | Construir | Farm |
| 9:29 | Crear | Villager (Male) |
| 9:33 | Crear | Villager (Male) |
| 9:59 | Crear | Villager (Male) |
| 10:07 | Edad | Edad Feudal |
| 10:21 | Construir | Market |
| 10:27 | Construir | Blacksmith |
| 10:29 | Construir | House |
| 10:41 | Construir | Farm |
| 10:42 | Construir | Farm |
| 11:06 | Crear | Villager (Male) |
| 11:29 | Construir | Farm |
| 11:30 | Construir | Farm |
| 11:32 | Construir | Farm |
| 11:34 | Crear | Villager (Male) |
| 12:28 | Investigar | Castle Age |
| 12:28 | Investigar | Castle Age |
| 12:50 | Investigar | Double-Bit Axe |
| 13:26 | Investigar | Loom |
| 13:27 | Investigar | Loom |
| 13:32 | Investigar | Horse Collar |
| 13:54 | Crear | Villager (Male) |
| 13:55 | Crear | Villager (Male) |
| 13:59 | Construir | House |
| 14:02 | Construir | House |
| 15:08 | Edad | Edad de los Castillos |
| 15:10 | Investigar | Bow Saw |
| 15:10 | Investigar | Bow Saw |
| 15:26 | Construir | Monastery |
| 15:29 | Construir | Monastery |
| 15:49 | Investigar | Horse Collar |
| 16:16 | Investigar | Sanctity |
| 16:22 | Crear | Villager (Male) |
| 16:30 | Construir | Siege Workshop |
| 16:41 | Crear | Monk |
| 16:44 | Crear | Monk |
| 16:48 | Crear | Villager (Male) |
| 16:49 | Crear | Villager (Male) |
| 16:56 | Construir | Farm |
| 16:56 | Construir | Farm |
| 16:56 | Construir | Farm |
| 17:03 | Crear | Monk |
| 17:15 | Construir | Outpost |
| 17:17 | Crear | Mangonel |
| 17:19 | Crear | Villager (Male) |
| 17:32 | Construir | House |
| 17:39 | Crear | Monk |
| 17:43 | Crear | Villager (Male) |
| 17:51 | Crear | Villager (Male) |
| 17:57 | Construir | Outpost |
| 17:58 | Construir | Outpost |
| 18:00 | Investigar | Town Watch |
| 18:02 | Crear | Villager (Male) |
| 18:19 | Crear | Mangonel |
| 18:19 | Crear | Mangonel |
| 18:45 | Crear | Villager (Male) |
| 19:02 | Investigar | Redemption |
| 19:02 | Investigar | Redemption |
| 19:04 | Crear | Villager (Male) |
| 19:04 | Crear | Villager (Male) |
| 19:05 | Crear | Villager (Male) |
| 19:11 | Construir | Barracks |
| 19:41 | Crear | Monk |
| 19:44 | Crear | Villager (Male) |
| 19:49 | Construir | House |
| 19:54 | Investigar | Wheelbarrow |
| 19:56 | Construir | Mining Camp |
| 20:04 | Crear | Monk |
| 20:05 | Crear | Villager (Male) |
| 20:09 | Construir | Palisade Wall |
| 20:11 | Crear | Spearman |
| 20:12 | Crear | Spearman |
| 20:15 | Construir | Palisade Wall |
| 20:17 | Construir | Palisade Wall |
| 20:20 | Crear | Villager (Male) |
| 20:32 | Crear | Villager (Male) |
| 20:34 | Crear | Spearman |
| 20:41 | Investigar | Fervor |
| 20:41 | Investigar | Fervor |
| 20:50 | Construir | House |
| 21:27 | Crear | Monk |
| 21:28 | Crear | Monk |
| 21:28 | Crear | Monk |
| 21:28 | Crear | Villager (Male) |
| 21:29 | Crear | Villager (Male) |
| 21:32 | Crear | Spearman |
| 21:32 | Crear | Spearman |
| 21:33 | Crear | Villager (Male) |
| 21:45 | Crear | Villager (Male) |
| 22:31 | Crear | Villager (Male) |
| 22:34 | Construir | Monastery |
| 22:40 | Construir | Monastery |
| 22:42 | Construir | Siege Workshop |
| 22:44 | Crear | Villager (Male) |
| 22:50 | Construir | Lumber Camp |
| 23:11 | Construir | House |
| 23:15 | Construir | House |
| 23:21 | Construir | House |
| 23:25 | Crear | Monk |
| 23:27 | Crear | Monk |
| 23:35 | Crear | Mangonel |
| 23:36 | Crear | Villager (Male) |
| 23:42 | Construir | House |
| 24:08 | Crear | Mangonel |
| 24:10 | Crear | Villager (Male) |
| 24:44 | Crear | Monk |
| 24:44 | Crear | Monk |
| 24:45 | Crear | Villager (Male) |
| 25:24 | Crear | Villager (Male) |
| 25:25 | Crear | Villager (Male) |
| 25:26 | Crear | Monk |
| 25:27 | Crear | Monk |
Cronología de la partida
| 8:52 | Bzm_Thejose · age_up feudal |
| 9:21 | B:R:Matias · age_up feudal |
| 10:07 | B.R D10Sito · age_up feudal |
| 10:56 | Bzm_Kuvâ-yı Milliye · age_up feudal |
| 11:03 | Bzm_Going · age_up feudal |
| 11:03 | VELEZ Y VINO · age_up feudal |
| 11:38 | B.R D10Sito · first_market_buy 100 food |
| 12:24 | Bzm_Cordobez · age_up feudal |
| 12:27 | B.R D10Sito · first_market_sell 100 wood |
| 12:40 | so easy! · age_up feudal |
| 13:38 | B:R:Matias · age_up castle |
| 13:55 | Bzm_Thejose · first_building Barracks |
| 14:30 | B:R:Matias · first_building Castle |
| 14:32 | Bzm_Kuvâ-yı Milliye · age_up castle |
| 14:38 | Bzm_Going · age_up castle |
| 14:43 | VELEZ Y VINO · age_up castle |
| 14:50 | Bzm_Thejose · first_building Stable |
| 14:57 | Bzm_Kuvâ-yı Milliye · first_market_buy 100 wood |
| 15:08 | B.R D10Sito · age_up castle |
| 15:19 | B:R:Matias · first_building Monastery |
| 15:26 | B.R D10Sito · first_building Monastery |
| 15:30 | Bzm_Kuvâ-yı Milliye · first_building Siege Workshop |
| 15:54 | Bzm_Cordobez · age_up castle |
| 16:02 | Bzm_Cordobez · first_building Castle |
| 16:30 | B.R D10Sito · first_building Siege Workshop |
| 16:35 | so easy! · age_up castle |
| 17:02 | VELEZ Y VINO · first_market_buy 100 stone |
| 18:25 | Bzm_Going · first_building Siege Workshop |
| 19:05 | Bzm_Going · first_market_sell 100 wood |
| 19:11 | B.R D10Sito · first_building Barracks |
| 19:29 | Bzm_Thejose · age_up castle |
| 19:52 | VELEZ Y VINO · first_building Barracks |
| 20:09 | B.R D10Sito · wall_segment Palisade Wall x1 |
| 20:15 | B.R D10Sito · wall_segment Palisade Wall x1 |
| 20:17 | B.R D10Sito · wall_segment Palisade Wall x1 |
| 21:33 | VELEZ Y VINO · first_building Stable |
| 21:35 | Bzm_Going · wall_segment Stone Wall x1 |
| 22:09 | B:R:Matias · first_market_buy 100 food |
| 22:23 | Bzm_Thejose · first_building Monastery |
| 25:32 | B:R:Matias · wall_segment Palisade Wall x1 |
| 25:38 | VELEZ Y VINO · first_market_sell 100 food |
| 25:48 | Bzm_Going · first_building Monastery |
| 25:55 | so easy! · first_building Castle |
| 26:25 | Bzm_Going · first_building Barracks |
| 26:28 | B:R:Matias · first_building Barracks |
| 26:40 | Bzm_Kuvâ-yı Milliye · first_building Castle |
| 26:40 | B.R D10Sito · wall_segment Stone Wall x1 |
| 26:56 | Bzm_Cordobez · first_market_buy 500 food |
| 27:00 | Bzm_Going · first_building Stable |
| 27:02 | B:R:Matias · first_building Siege Workshop |
| 27:05 | so easy! · first_building Barracks |
| 27:16 | B:R:Matias · first_market_sell 100 food |
| 27:21 | VELEZ Y VINO · first_building Monastery |
| 27:33 | Bzm_Thejose · first_market_sell 100 food |
| 27:37 | Bzm_Thejose · first_market_buy 100 stone |
| 27:53 | Bzm_Going · first_market_buy 100 wood |
| 27:57 | B:R:Matias · age_up imperial |
| 27:58 | Bzm_Cordobez · first_building Siege Workshop |
| 28:19 | Bzm_Kuvâ-yı Milliye · first_building Barracks |
| 28:30 | so easy! · first_building Siege Workshop |
| 28:59 | Bzm_Cordobez · wall_segment Stone Wall x1 |
| 29:31 | Bzm_Kuvâ-yı Milliye · first_building Archery Range |
| 29:40 | Bzm_Cordobez · first_building Barracks |
| 29:43 | Bzm_Going · age_up imperial |
| 29:43 | Bzm_Kuvâ-yı Milliye · age_up imperial |
| 30:03 | Bzm_Cordobez · wall_segment Stone Wall x1 |
| 30:17 | Bzm_Cordobez · age_up imperial |
| 30:18 | Bzm_Cordobez · wall_segment Stone Wall x1 |
| 30:28 | Bzm_Cordobez · wall_segment Stone Wall x1 |
| 31:04 | B:R:Matias · wall_segment Palisade Wall x2 |
| 31:05 | B:R:Matias · wall_segment Palisade Wall x1 |
| 31:21 | so easy! · age_up imperial |
| 31:38 | Bzm_Kuvâ-yı Milliye · wall_segment Stone Wall x1 |
| 31:44 | Bzm_Kuvâ-yı Milliye · wall_segment Stone Wall x11 |
| 32:12 | VELEZ Y VINO · age_up imperial |
| 32:18 | Bzm_Kuvâ-yı Milliye · first_building Monastery |
| 32:18 | Bzm_Thejose · first_building Castle |
| 32:26 | Bzm_Kuvâ-yı Milliye · wall_segment Stone Wall x6 |
| 32:57 | Bzm_Thejose · wall_segment Palisade Wall x1 |
| 33:01 | VELEZ Y VINO · first_building Castle |
| 33:13 | Bzm_Kuvâ-yı Milliye · first_market_sell 500 food |
| 33:18 | Bzm_Cordobez · first_market_sell 100 wood |
| 35:19 | VELEZ Y VINO · wall_segment Stone Wall x1 |
| 35:21 | VELEZ Y VINO · wall_segment Stone Wall x1 |
| 35:50 | B.R D10Sito · first_building Castle |
| 36:32 | B.R D10Sito · age_up imperial |
| 37:23 | Bzm_Thejose · age_up imperial |
| 37:37 | VELEZ Y VINO · first_building Siege Workshop |
| 40:10 | Bzm_Kuvâ-yı Milliye · tribute_sent a jugador 1 |
| 40:10 | Bzm_Kuvâ-yı Milliye · tribute_sent a jugador 2 |
| 40:10 | Bzm_Kuvâ-yı Milliye · tribute_sent a jugador 3 |
| 40:10 | Bzm_Kuvâ-yı Milliye · tribute_sent a jugador 4 |
| 40:10 | Bzm_Kuvâ-yı Milliye · tribute_sent a jugador 5 |
| 40:10 | Bzm_Kuvâ-yı Milliye · tribute_sent a jugador 6 |
| 40:10 | Bzm_Kuvâ-yı Milliye · tribute_sent a jugador 8 |
| 40:21 | VELEZ Y VINO · tribute_sent a jugador 1 |
| 40:21 | VELEZ Y VINO · tribute_sent a jugador 2 |
| 40:21 | VELEZ Y VINO · tribute_sent a jugador 3 |
| 40:21 | VELEZ Y VINO · tribute_sent a jugador 4 |
| 40:21 | VELEZ Y VINO · tribute_sent a jugador 5 |
| 40:21 | VELEZ Y VINO · tribute_sent a jugador 7 |
| 40:21 | VELEZ Y VINO · tribute_sent a jugador 8 |
| 43:38 | Bzm_Kuvâ-yı Milliye · first_building Stable |
| 43:51 | Bzm_Kuvâ-yı Milliye · tribute_sent a jugador 1 |
| 43:51 | Bzm_Kuvâ-yı Milliye · tribute_sent a jugador 2 |
| 43:51 | Bzm_Kuvâ-yı Milliye · tribute_sent a jugador 3 |
| 43:51 | Bzm_Kuvâ-yı Milliye · tribute_sent a jugador 4 |
| 43:51 | Bzm_Kuvâ-yı Milliye · tribute_sent a jugador 5 |
| 43:51 | Bzm_Kuvâ-yı Milliye · tribute_sent a jugador 6 |
| 43:51 | Bzm_Kuvâ-yı Milliye · tribute_sent a jugador 8 |
| 43:57 | so easy! · first_market_buy 100 food |
| 44:05 | VELEZ Y VINO · tribute_sent a jugador 1 |
| 44:05 | VELEZ Y VINO · tribute_sent a jugador 2 |
| 44:05 | VELEZ Y VINO · tribute_sent a jugador 3 |
| 44:05 | VELEZ Y VINO · tribute_sent a jugador 4 |
| 44:05 | VELEZ Y VINO · tribute_sent a jugador 5 |
| 44:05 | VELEZ Y VINO · tribute_sent a jugador 7 |
| 44:05 | VELEZ Y VINO · tribute_sent a jugador 8 |
| 44:17 | Bzm_Going · first_building Archery Range |
| 47:03 | VELEZ Y VINO · tribute_sent a jugador 1 |
| 47:03 | VELEZ Y VINO · tribute_sent a jugador 2 |
| 47:03 | VELEZ Y VINO · tribute_sent a jugador 3 |
| 47:03 | VELEZ Y VINO · tribute_sent a jugador 4 |
| 47:03 | VELEZ Y VINO · tribute_sent a jugador 5 |
| 47:03 | VELEZ Y VINO · tribute_sent a jugador 7 |
| 47:03 | VELEZ Y VINO · tribute_sent a jugador 8 |
| 47:05 | Bzm_Cordobez · wall_segment Palisade Wall x1 |
| 48:35 | B:R:Matias · wall_segment Stone Wall x2 |
| 48:56 | B:R:Matias · wall_segment Stone Wall x2 |
| 49:07 | B:R:Matias · wall_segment Stone Wall x9 |
| 50:11 | so easy! · wall_segment Stone Wall x1 |
| 50:23 | so easy! · wall_segment Stone Wall x1 |
| 50:29 | so easy! · wall_segment Stone Wall x1 |
| 50:46 | Bzm_Cordobez · tribute_sent a jugador 2 |
| 50:46 | Bzm_Cordobez · tribute_sent a jugador 3 |
| 50:46 | Bzm_Cordobez · tribute_sent a jugador 4 |
| 50:46 | Bzm_Cordobez · tribute_sent a jugador 5 |
| 50:46 | Bzm_Cordobez · tribute_sent a jugador 6 |
| 50:46 | Bzm_Cordobez · tribute_sent a jugador 7 |
| 50:46 | Bzm_Cordobez · tribute_sent a jugador 8 |
| 50:47 | Bzm_Kuvâ-yı Milliye · tribute_sent a jugador 1 |
| 50:47 | Bzm_Kuvâ-yı Milliye · tribute_sent a jugador 2 |
| 50:47 | Bzm_Kuvâ-yı Milliye · tribute_sent a jugador 3 |
| 50:47 | Bzm_Kuvâ-yı Milliye · tribute_sent a jugador 4 |
| 50:47 | Bzm_Kuvâ-yı Milliye · tribute_sent a jugador 5 |
| 50:47 | Bzm_Kuvâ-yı Milliye · tribute_sent a jugador 6 |
| 50:47 | Bzm_Kuvâ-yı Milliye · tribute_sent a jugador 8 |
| 50:59 | Bzm_Going · tribute_sent a jugador 1 |
| 50:59 | Bzm_Going · tribute_sent a jugador 2 |
| 50:59 | Bzm_Going · tribute_sent a jugador 4 |
| 50:59 | Bzm_Going · tribute_sent a jugador 5 |
| 50:59 | Bzm_Going · tribute_sent a jugador 6 |
| 50:59 | Bzm_Going · tribute_sent a jugador 7 |
| 50:59 | Bzm_Going · tribute_sent a jugador 8 |
| 52:08 | B:R:Matias · wall_segment Palisade Wall x1 |
| 53:00 | Bzm_Kuvâ-yı Milliye · tribute_sent a jugador 1 |
| 53:00 | Bzm_Kuvâ-yı Milliye · tribute_sent a jugador 2 |
| 53:00 | Bzm_Kuvâ-yı Milliye · tribute_sent a jugador 3 |
| 53:00 | Bzm_Kuvâ-yı Milliye · tribute_sent a jugador 4 |
| 53:00 | Bzm_Kuvâ-yı Milliye · tribute_sent a jugador 5 |
| 53:00 | Bzm_Kuvâ-yı Milliye · tribute_sent a jugador 6 |
| 53:00 | Bzm_Kuvâ-yı Milliye · tribute_sent a jugador 8 |
| 53:32 | so easy! · first_market_sell 100 food |
| 56:23 | Bzm_Cordobez · wall_segment Stone Wall x1 |
| 56:26 | Bzm_Cordobez · wall_segment Stone Wall x1 |
| 56:28 | Bzm_Cordobez · wall_segment Stone Wall x1 |
| 56:29 | Bzm_Cordobez · wall_segment Stone Wall x1 |
| 56:31 | Bzm_Cordobez · wall_segment Stone Wall x1 |
| 56:37 | Bzm_Cordobez · wall_segment Stone Wall x1 |
| 56:37 | VELEZ Y VINO · tribute_sent a jugador 1 |
| 56:37 | VELEZ Y VINO · tribute_sent a jugador 2 |
| 56:37 | VELEZ Y VINO · tribute_sent a jugador 3 |
| 56:37 | VELEZ Y VINO · tribute_sent a jugador 4 |
| 56:37 | VELEZ Y VINO · tribute_sent a jugador 5 |
| 56:37 | VELEZ Y VINO · tribute_sent a jugador 7 |
| 56:37 | VELEZ Y VINO · tribute_sent a jugador 8 |
| 56:39 | Bzm_Cordobez · wall_segment Stone Wall x1 |
| 57:43 | B:R:Matias · first_building Archery Range |
| 57:49 | Bzm_Kuvâ-yı Milliye · tribute_sent a jugador 1 |
| 57:49 | Bzm_Kuvâ-yı Milliye · tribute_sent a jugador 2 |
| 57:49 | Bzm_Kuvâ-yı Milliye · tribute_sent a jugador 3 |
| 57:49 | Bzm_Kuvâ-yı Milliye · tribute_sent a jugador 4 |
| 57:49 | Bzm_Kuvâ-yı Milliye · tribute_sent a jugador 5 |
| 57:49 | Bzm_Kuvâ-yı Milliye · tribute_sent a jugador 6 |
| 57:49 | Bzm_Kuvâ-yı Milliye · tribute_sent a jugador 8 |
| 57:49 | Bzm_Going · tribute_sent a jugador 1 |
| 57:49 | Bzm_Going · tribute_sent a jugador 2 |
| 57:49 | Bzm_Going · tribute_sent a jugador 4 |
| 57:49 | Bzm_Going · tribute_sent a jugador 5 |
| 57:49 | Bzm_Going · tribute_sent a jugador 6 |
| 57:49 | Bzm_Going · tribute_sent a jugador 7 |
| 57:49 | Bzm_Going · tribute_sent a jugador 8 |
| 61:29 | Bzm_Cordobez · tribute_sent a jugador 2 |
| 61:29 | Bzm_Cordobez · tribute_sent a jugador 3 |
| 61:29 | Bzm_Cordobez · tribute_sent a jugador 4 |
| 61:29 | Bzm_Cordobez · tribute_sent a jugador 5 |
| 61:29 | Bzm_Cordobez · tribute_sent a jugador 6 |
| 61:29 | Bzm_Cordobez · tribute_sent a jugador 7 |
| 61:29 | Bzm_Cordobez · tribute_sent a jugador 8 |
| 63:07 | B:R:Matias · wall_segment Stone Wall x18 |
| 63:09 | Bzm_Kuvâ-yı Milliye · wall_segment Stone Wall x1 |
| 66:14 | Bzm_Cordobez · tribute_sent a jugador 2 |
| 66:14 | Bzm_Cordobez · tribute_sent a jugador 3 |
| 66:14 | Bzm_Cordobez · tribute_sent a jugador 4 |
| 66:14 | Bzm_Cordobez · tribute_sent a jugador 5 |
| 66:14 | Bzm_Cordobez · tribute_sent a jugador 6 |
| 66:14 | Bzm_Cordobez · tribute_sent a jugador 7 |
| 66:14 | Bzm_Cordobez · tribute_sent a jugador 8 |
| 67:24 | Bzm_Cordobez · wall_segment Stone Wall x72 |
| 70:06 | Bzm_Kuvâ-yı Milliye · resign |
[ ANÁLISIS IA · 1 CRÉDITO ]
¿Qué pasó realmente en esta partida?
Wolo.gg analiza cada decisión: build order, eco, micro, errores típicos por bracket. Análisis personalizado por WhatsApp o Discord en 30 segundos.
Guía civ
Portugueses
Perfil
Jugador #6341915